 Dungeon Crawl Stone Soup version 0.14.0-12-g87ee3b7 (webtiles) character file.

5306 Ragg the Arsonist (level 10, -8/83 HPs)
             Began as a Hill Orc Fire Elementalist on Apr 17, 2014.
             Was a Follower of Vehumet.
             Mangled by a yak (13 damage)
             ... on Level 8 of the Dungeon.
             The game lasted 00:56:39 (13923 turns).

Ragg the Arsonist (Hill Orc Fire Elementalist)     Turns: 13923, Time: 00:56:39

HP  -8/83        AC 12     Str 14      XL: 10   Next: 52%
MP   2/20        EV 12     Int 23      God: Vehumet [*.....]
Gold 363         SH  0     Dex 11      Spells:  3 memorised,  9 levels left

rFire  . . .     SeeInvis .     b - +2 battleaxe (curse)
rCold  . . .     Clarity  .     F - +2 leather armour
rNeg   . . .     Conserve .     (no shield)
rPois  +         rCorr    .     f - +1 helmet
rElec  .         rRot     .     w - +2 cloak
SustAb . .       Spirit   .     L - +1 pair of gloves of the Echidna {Str+2 Int+5}
rMut   .         Warding  .     (no boots)
Gourm  +         Stasis   .     q - amulet of the gourmand
MR     .....                    (no ring)
                                Q - ring of poison resistance

@: invisible, very slightly contaminated, not resistant to hostile enchantments,
unstealthy
A: saprovore 1
a: Renounce Religion


You were on level 8 of the Dungeon.
You worshipped Vehumet.
Vehumet was aware of your devotion.
You were hungry.

You visited 2 branches of the dungeon, and saw 10 of its levels.

You collected 525 gold pieces.
You spent 162 gold pieces at shops.

Inventory:

Hand weapons
 b - a cursed +2,+2 battleaxe (weapon)
 H - a +0 blowgun
Missiles
 z - 6 needles of sleeping
 D - 39 poisoned needles
 N - 2 exploding darts (quivered)
 P - 3 curare-tipped needles
Armour
 f - a +1 helmet (worn)
 w - a +2 cloak (worn)
 F - a +2 leather armour (worn)
 L - the +1 pair of gloves of the Echidna (worn) {Str+2 Int+5}
   (You found it on level 6 of the Dungeon)

   It affects your strength (+2).
   It affects your intelligence (+5).
Magical devices
 n - a wand of teleportation (3)
 x - a wand of magic darts (10)
 A - a wand of slowing (8)
 E - a wand of random effects (12)
Comestibles
 c - 3 meat rations
 g - a choko
 o - a sausage
 v - 5 bread rations
 B - 16 sultanas
 S - 6 honeycombs
 T - 3 cheeses
 V - 3 lemons
Scrolls
 d - 2 scrolls of fear
 k - 4 scrolls of identify
 l - 5 scrolls of blinking
 s - 3 scrolls of teleportation
 M - 3 scrolls of fog
 R - a scroll of magic mapping
Jewellery
 q - an amulet of the gourmand (around neck)
 r - an uncursed ring of ice
 y - an uncursed amulet of clarity
 C - an uncursed ring of teleportation
 Q - a ring of poison resistance (left hand)
Potions
 e - 3 potions of might
 h - a potion of berserk rage
 i - 3 potions of curing
 j - 4 potions of restore abilities
 m - 2 potions of mutation
 u - 2 potions of haste
 G - a potion of magic
 O - a potion of brilliance {unknown}
 U - a potion of porridge
Books
 p - a book of Enchantments

   Spells                             Type                      Level
   Cause Fear                         Hexes                        4
   Silence                            Hexes/Air                    5
   Tukima's Dance                     Hexes                        5
   Deflect Missiles                   Charms/Air                   6
   Haste                              Charms                       6
   Discord                            Hexes                        8
 I - a book of Enchantments

   Spells                             Type                      Level
   Cause Fear                         Hexes                        4
   Silence                            Hexes/Air                    5
   Tukima's Dance                     Hexes                        5
   Deflect Missiles                   Charms/Air                   6
   Haste                              Charms                       6
   Discord                            Hexes                        8
 J - a book of Flames

   Spells                             Type                      Level
   *Flame Tongue                      Conjuration/Fire             1
   Throw Flame                        Conjuration/Fire             2
   *Conjure Flame                     Conjuration/Fire             3
   Inner Flame                        Hexes/Fire                   3
   *Sticky Flame                      Conjuration/Fire             4
   Fireball                           Conjuration/Fire             5
 W - a book of Control

   Spells                             Type                      Level
   Control Teleport                   Charms/Translocation         4
   Control Undead                     Necromancy                   4
   Enslavement                        Hexes                        4
   Metabolic Englaciation             Hexes/Ice                    5
   Mass Confusion                     Hexes                        6
Magical staves
 a - an uncursed staff of fire


   Skills:
 - Level 6.2 Fighting
 - Level 7.0 Axes
 + Level 4.1 Dodging
 - Level 1.5 Stealth
 - Level 4.0 Spellcasting
 - Level 8.0 Conjurations
 - Level 9.3 Fire Magic


You had 9 spell levels left.
You knew the following spells:

 Your Spells              Type           Power        Failure   Level  Hunger
a - Flame Tongue          Conj/Fire      #####        1%          1    None
b - Sticky Flame          Conj/Fire      #####...     3%          4    ####...
c - Conjure Flame         Conj/Fire      #####...     1%          3    ###....


Dungeon Overview and Level Annotations

Branches:
Dungeon (9/15)             Temple (1/1) D:7
    Orc: D:9-12        Lair: D:8-11

Altars:
Ashenzari
Cheibriados
Dithmenos
Elyvilon
Fedhas
Kikubaaqudgha
Makhleb
Nemelex Xobeh
Okawaru
Sif Muna
Trog
Vehumet
Xom
Yredelemnul
Zin
The Shining One

Shops:
D:5 !


Innate Abilities, Weirdness & Mutations

You can tolerate rotten meat.


Message History

The yak burns! x2
The yak barely misses you.
The yak burns! x2
The yak burns!
You kill the yak!
Vehumet accepts your kill.
You feel your power returning.
The yak burns!
You kill the yak!
Vehumet accepts your kill.
Your Dodging skill increases to level 4!
The yak closely misses you.
Casting: Sticky Flame
Confirm with . or Enter, or press ? or * to list all spells.
Aiming: Sticky Flame
Press: ? - help, Shift-Dir - straight line, f - yak
Aim: a yak (lightly wounded)
The sticky flame hits the yak.
The yak is lightly wounded.
The yak is covered in liquid flames!
The yak burns!
The yak gores you!
You die...

#.#.### ###.#....# #...##...
#.#...# #........# #...####.
#.#...# #......### ##### #.
#.....# #......# ## #....##
###.#.###############
#....########...................
#.#.............................
#.#...#######...Y#############..
#..............@..>.............
###....................###.##...
##.#####...###.......###......
#.# #######....#####.....## #.#
#................## ##.##
#.##...#####...#... #...#
#.##...######.##... #...###
#.................. ##.....#
########...........


You could see a yak (burning).

Vanquished Creatures
  2 yaks (D:8)
  A hungry ghost (D:8)
  A hippogriff (D:6)
  Edmund (D:7)
  A soldier ant (D:8)
  A spider (D:8)
  2 ogres
  3 orc warriors
  A yellow wasp (D:7)
  An ice beast (D:7)
  2 phantoms
  10 big kobolds
  3 centaurs
  A crocodile (D:7)
  Duvessa (D:5)
  A boring beetle (D:8)
  3 giant frogs
  Blork the orc (D:7)
  An eye of draining (D:6)
  A scorpion (D:7)
  4 wights
  8 killer bees
  A yak skeleton (D:8)
  3 crimson imps
  Dowan (D:5)
  5 hounds
  2 orc wizards
  A giant frog zombie (D:8)
  2 iguanas
  Crazy Yiuf (D:2)
  2 jellies (D:5)
  Natasha (twice) (D:5)
  2 giant frog skeletons
  4 worker ants
  3 orc zombies (D:5)
  7 gnolls (D:3)
  A scorpion zombie (D:9)
  3 shadow imps
  A worm zombie (D:5)
  11 adders
  4 worms
  A goliath beetle zombie (D:8)
  2 giant eyeballs
  7 giant geckos
  31 orcs
  16 bats
  A bat zombie (D:5)
  A giant cockroach (D:7)
  10 hobgoblins
  3 jackals (D:5)
  58 kobolds
  2 quokkas
  A ball python skeleton (D:5)
  9 giant newts
  17 goblins
  A goblin skeleton (D:5)
  A kobold zombie (D:5)
  2 orc skeletons
  A quokka skeleton (D:6)
  10 rats
280 creatures vanquished.

Notes
Turn   | Place    | Note
--------------------------------------------------------------
     0 | D:1      | Ragg, the Hill Orc Fire Elementalist, began the quest for the Orb.
     0 | D:1      | Reached XP level 1. HP: 14/14 MP: 2/2
     0 | D:1      | Noticed an elephant
   131 | D:1      | Reached XP level 2. HP: 20/20 MP: 1/3
   593 | D:1      | Noticed a spiny frog
   595 | D:1      | Noticed a yak
   609 | D:1      | Noticed a giant frog
   672 | D:2      | Reached XP level 3. HP: 26/26 MP: 0/5
   844 | D:2      | Noticed Crazy Yiuf
   854 | D:2      | Paralysed by Crazy Yiuf for 2 turns
   860 | D:2      | Killed Crazy Yiuf
   860 | D:2      | Reached skill level 4 in Fire Magic
   860 | D:2      | Reached XP level 4. HP: 11/33 MP: 0/7
  1458 | D:2      | Found a white marble altar of Elyvilon.
  1604 | D:2      | Learned a level 4 spell: Sticky Flame
  2060 | D:3      | Reached XP level 5. HP: 31/38 MP: 1/9
  2459 | D:3      | Reached skill level 5 in Fire Magic
  3049 | D:3      | Learned a level 3 spell: Conjure Flame
  3056 | D:3      | Noticed a big kobold
  3057 | D:3      | Noticed a big kobold
  3897 | D:3      | Killed a big kobold
  3897 | D:3      | Reached XP level 6. HP: 28/45 MP: 0/10
  4074 | D:3      | Noticed a big kobold
  4081 | D:3      | Killed a big kobold
  4196 | D:3      | Noticed a big kobold
  4205 | D:3      | Killed a big kobold
  4205 | D:3      | Reached skill level 6 in Fire Magic
  4352 | D:3      | Noticed a big kobold
  4370 | D:3      | Reached XP level 7. HP: 47/50 MP: 7/12
  4393 | D:3      | Killed a big kobold
  4460 | D:3      | Noticed a big kobold
  4466 | D:3      | Killed a big kobold
  4466 | D:3      | Reached skill level 5 in Conjurations
  4478 | D:3      | Noticed a big kobold
  4541 | D:3      | Killed a big kobold
  4588 | D:3      | Noticed a big kobold
  4595 | D:3      | Killed a big kobold
  4595 | D:3      | Reached skill level 7 in Fire Magic
  5531 | D:4      | Found a glowing golden altar of the Shining One.
  5653 | D:5      | Entered Level 5 of the Dungeon
  5679 | D:5      | Found Kluejin's Distillery.
  5693 | D:5      | Bought a potion of berserk rage for 39 gold pieces
  5693 | D:5      | Bought a potion of poison for 13 gold pieces
  5693 | D:5      | Bought a potion of magic for 71 gold pieces
  5693 | D:5      | Bought a potion of flight for 39 gold pieces
  5779 | D:5      | Noticed Duvessa
  5795 | D:5      | Noticed Dowan
  6050 | D:5      | Reached XP level 8. HP: 55/57 MP: 2/13
  6265 | D:5      | Noticed Natasha
  6271 | D:5      | Killed Natasha
  6452 | D:5      | Killed Dowan
  6719 | D:5      | Reached skill level 8 in Fire Magic
  7170 | D:5      | Killed Duvessa
  7482 | D:5      | Noticed Natasha
  7487 | D:5      | Killed Natasha
  8171 | D:3      | Killed a big kobold
  8334 | D:6      | Reached XP level 9. HP: 60/62 MP: 4/15
  8869 | D:6      | Reached skill level 9 in Fire Magic
  8954 | D:6      | Got a pair of dazzling gloves
  8957 | D:6      | Identified the +1 pair of gloves of the Echidna {Str+2 Int+5} (You found it on level 6 of the Dungeon)
 10580 | D:7      | Reached skill level 5 in Axes
 11151 | D:7      | Noticed Edmund
 11155 | D:7      | Killed Edmund
 11287 | D:7      | Reached skill level 1 in Fighting
 11399 | D:7      | Paralysed by a giant eyeball for 4 turns
 11406 | D:7      | Paralysed by a giant eyeball for 4 turns
 11421 | D:7      | Found a staircase to the Ecumenical Temple.
 11428 | Temple   | Entered the Ecumenical Temple
 11602 | Temple   | Became a worshipper of Vehumet
 11867 | D:7      | Noticed Blork the orc
 11872 | D:7      | Killed Blork the orc
 12694 | D:7      | Reached XP level 10. HP: 72/80 MP: 13/19
 12763 | D:8      | Reached skill level 5 in Fighting
 12987 | D:8      | Acquired Vehumet's first power
 12987 | D:8      | Offered knowledge of Sandblast by Vehumet.
 13917 | D:8      | HP: 3/83 [yak (3)]
 13923 | D:8      | Mangled by a yak

Action                   |  1- 3 |  4- 6 |  7- 9 | 10-12 || total
-------------------------+-------+-------+-------+-------++-------
Melee: Club              |    17 |       |       |       ||    17
       Short sword       |    26 |       |    48 |       ||    74
       Staff             |     8 |    67 |   112 |    10 ||   197
       Dagger            |       |       |    30 |       ||    30
       War axe           |       |       |    75 |    30 ||   105
       Whip              |       |       |    27 |       ||    27
       Battleaxe         |       |       |       |     2 ||     2
 Fire: Blowgun           |       |       |     5 |       ||     5
 Cast: Flame Tongue      |    30 |   160 |   343 |    57 ||   590
       Sticky Flame      |       |       |    26 |    27 ||    53
Evoke: Wand              |       |       |     2 |     1 ||     3
  Use: Scroll            |     1 |     7 |    16 |     2 ||    26
       Potion            |     1 |       |     3 |     1 ||     5
